 Dungeon Crawl Stone Soup version 0.31-a0-233-g139696dc86 (webtiles) character file.

Game seed: 11404250057772731256

9 qw the Shooter (level 2, -1/16 HPs)
             Began as a Gargoyle Hexslinger on July 9, 2023.
             Slain by a kobold
             ... wielding a +0 dagger
              (3 damage)
             ... on level 1 of the Dungeon.
             The game lasted 00:00:04 (150 turns).

qw the Shooter (Gargoyle Hexslinger)                 Turns: 150, Time: 00:00:04

Health: -1/16      AC:  4    Str: 11    XL:     2   Next: 16%
Magic:  3/3        EV: 12    Int: 13    God:
Gold:   0          SH:  0    Dex: 12    Spells: 2/3 levels left

rFire   . . .        a - +1 sling
rCold   . . .        (no shield)
rNeg    + . .        c - +0 robe
rPois   inf          (no helmet)
rElec   +            (no cloak)
rCorr   .            (no gloves)
SInv    .            (no boots)
Will    .....        (no amulet)
Stlth   +            (no ring)
HPRegen 0.22/turn    (no ring)
MPRegen 0.08/turn

%: no passive effects
@: no status effects
A: sickness immunity, AC +2, negative energy resistance 1, electricity
resistance, torment resistance 1, petrification resistance
a: no special abilities


You were on level 1 of the Dungeon.
You visited 1 branch of the dungeon, and saw 1 of its levels.


Innate Abilities, Weirdness & Mutations

You are immune to sickness and miasma.
Your stone body is resilient. (AC +2)
You are immune to poison.
You resist negative energy. (rN+)
You are resistant to electric shocks. (rElec)
You are resistant to unholy torment.
You are immune to petrification.


   Skills:
 - Level 1.1 Fighting
 + Level 2.8 Ranged Weapons
 - Level 1.5 Dodging
 - Level 1.0 Spellcasting
 - Level 2.6 Hexes


You had 2 spell levels left.
You knew the following spells:

 Your Spells              Type           Power      Damage    Failure   Level
a - Slow                  Hex            28%        N/A       10%         1

Your spell library contained the following spells:

 Spells                   Type           Power      Damage    Failure   Level
 Inner Flame              Hex/Fire       4%         N/A       43%         3
 Portal Projectile        Hex/Tloc       8%         N/A       43%         3
 Cause Fear               Hex            3%         N/A       67%         4

Inventory:

Hand Weapons
 a - a +1 sling (weapon)
Armour
 c - a +0 robe (worn)
Scrolls
 b - a scroll of poison

Dungeon Overview and Level Annotations

Branches:
Dungeon (1/15)

Altars:


Message History

The frilled lizard bites you but does no damage.
The hobgoblin barely misses you. The kobold hits you with a +0 dagger.
The hobgoblin barely misses you.
The frilled lizard bites you but does no damage.
You shoot a sling bullet.
The sling bullet closely misses the kobold.
The kobold hits you with a +0 dagger. The frilled lizard misses you.
The hobgoblin hits you but does no damage.
You shoot a sling bullet.
The sling bullet completely misses the kobold.
The kobold barely misses you.
The frilled lizard bites you but does no damage.
The hobgoblin hits you but does no damage.
You shoot a sling bullet.
The sling bullet hits the kobold but does no damage.
The kobold barely misses you. The frilled lizard bites you.
The hobgoblin hits you.
You shoot a sling bullet.
The sling bullet barely misses the kobold.
The kobold closely misses you. The frilled lizard bites you.
The hobgoblin hits you. The kobold hits you with a +0 dagger.
The frilled lizard misses you. The hobgoblin closely misses you.
You shoot a sling bullet.
The sling bullet closely misses the kobold.
The kobold barely misses you.
The frilled lizard bites you but does no damage.
The hobgoblin misses you.
You shoot a sling bullet.
The sling bullet barely misses the kobold.
The kobold barely misses you.
The frilled lizard bites you but does no damage.
The hobgoblin closely misses you.
You shoot a sling bullet.
The sling bullet closely misses the kobold.
The kobold closely misses you. The frilled lizard misses you.
The hobgoblin hits you but does no damage.
You shoot a sling bullet.
The sling bullet barely misses the kobold.
The kobold hits you with a +0 dagger.
You die...

....... ....... .......
....... +# #...##.#
....... ##.## #.#..#.#
...$... #(..# #.......
......l##.#.# #.#..#.#
#.....@..#.# #.#..#.#
+..##gK#...# #.#..#.#
.....#.#######.##.#.#
#.###.##....%.........#
.. #..........###.# ...
#..........# #.# ##.#
#..........# #.# #.
#......)...# #..
#.########## ##.


You could see a hobgoblin, a kobold and a frilled lizard.

Vanquished Creatures
  A dart slug (D:1)
  2 ball pythons (D:1)
  An endoplasm (D:1)
  A hobgoblin (D:1)
  2 frilled lizards (D:1)
7 creatures vanquished.

Notes
Turn   | Place    | Note
-------+----------+-------------------------------------------
     0 | D:1      | qw the Gargoyle Hexslinger began the quest for the Orb.
     0 | D:1      | Reached XP level 1. HP: 12/12 MP: 2/2
     0 | D:1      | 0 ||| qw: Version: 0.3-a-51-g015441d
     0 | D:1      | 0 ||| qw: Game counter: 3988
     0 | D:1      | 0 ||| qw: Melee chars always use a shield: true
     0 | D:1      | 0 ||| qw: God list: Okawaru
     0 | D:1      | 0 ||| qw: Allow faded altars: false
     0 | D:1      | 0 ||| qw: Do Orc after clearing Dungeon:15 true
     0 | D:1      | 0 ||| qw: Do second Lair branch before Depths: true
     0 | D:1      | 0 ||| qw: Lair rune preference: random
     0 | D:1      | 0 ||| qw: Goals: Normal
     0 | D:1      | 0 ||| PLANNING D:1-11
   118 | D:1      | Reached XP level 2. HP: 16/16 MP: 3/3
   146 | D:1      | HP: 4/16 [frilled lizard (1)]
   146 | D:1      | HP: 1/16 [kobold/+0 dagger (1)]
   150 | D:1      | Slain by a kobold

Levels and vault maps discovered:
D:1:      minmay_arrival_solitary_statue, layout_basic, dk_noncrumbling_2,
          hangedman_abyss_or_decor_stabs

Action                     || total
---------------------------++-------
   Fire: Sling             ||    23
 Armour: Robe              ||     8
  Dodge: Dodged            ||    22

Table legend:
 A = Non-vault XP
 B = Vault XP
 C = Vault XP percentage of total XP
 D = Non-vault monster count
 E = Vault monster count
 F = Vault count percentage of total count
                 A         B        C        D         E       F
            +---------+---------+-------+---------+---------+-------
      Total |      14 |       0 |   0.0 |       7 |       0 |   0.0
            +---------+---------+-------+---------+---------+-------
        D:1 |      14 |       0 |   0.0 |       7 |       0 |   0.0
            +---------+---------+-------+---------+---------+-------
